 Dungeon Crawl Stone Soup version 0.23.2-1-ga50397a (webtiles) character file.

Game seed: 11680127879234997114

306 Borgoz the Twirler (level 6, -3/38 HPs)
             Began as a Gargoyle Gladiator on May 25, 2019.
             Slain by an ogre
             ... wielding a +0 giant club
              (8 damage)
             ... on level 4 of the Dungeon.
             The game lasted 00:03:23 (2822 turns).

Borgoz the Twirler (Gargoyle Gladiator)             Turns: 2822, Time: 00:03:24

Health: -3/38      AC: 10    Str: 19    XL:     6   Next: 39%
Magic:  0/6        EV: 12    Int:  9    God:
Gold:   133        SH:  0    Dex: 11    Spells: 5/5 levels left

rFire    + . .     SeeInvis .   a - +0 quarterstaff
rCold    . . .     Gourm    .   (shield currently unavailable)
rNeg     + . .     Faith    .   b - +0 leather armour
rPois    ∞         Spirit   +   c - +0 helmet
rElec    +         Reflect  .   v - scarf {Spirit}
rCorr    .         Harm     .   m - +0 pair of gloves
MR       .....                  (no boots)
Stlth    +.........             (no amulet)
HPRegen  0.12/turn              i - ring of protection from fire
MPRegen  0.10/turn              (no ring)

@: no status effects
A: negative energy resistance 1, electricity resistance, unbreathing,
petrification resistance, rot immunity, AC +4
a: no special abilities


You were on level 4 of the Dungeon.
You were not hungry.

You visited 1 branch of the dungeon, and saw 4 of its levels.

You collected 133 gold pieces.

Inventory:

Hand Weapons
 a - a +0 quarterstaff (weapon)
Missiles
 d - 3 throwing nets (quivered)
Armour
 b - a +0 leather armour (worn)
 c - a +0 helmet (worn)
 m - a +0 pair of gloves (worn)
 v - a scarf of spirit shield (worn)
Jewellery
 i - a ring of protection from fire (left hand)
 n - an uncursed ring of ice
Wands
 s - a wand of acid (6)
Scrolls
 g - a scroll of identify
 h - 2 scrolls of teleportation {unknown}
 l - a scroll of fog {unknown}
 o - a scroll of fear {unknown}
 q - a scroll of remove curse {unknown}
 u - a scroll of random uselessness {unknown}
Potions
 e - a potion of brilliance
 j - 2 potions of lignification
 k - 2 potions of cancellation
 p - a potion of agility
 r - a potion of haste
 t - a potion of invisibility {unknown}
Comestibles
 f - 5 rations
 w - a chunk of flesh


   Skills:
 + Level 3.6 Fighting
 * Level 4.9 Staves
 - Level 1.7 Throwing
 + Level 2.8 Armour
 + Level 3.3 Dodging


You had 5 spell levels left.
You didn't know any spells.
Your spell library was empty.

Dungeon Overview and Level Annotations

Branches:
Dungeon (4/15)
 Temple: D:4-7

Altars:


Innate Abilities, Weirdness & Mutations

You are resistant to torment.
Your stone body is resilient. (AC +4)
You are immune to poison.
You resist negative energy. (rN+)
You are resistant to electric shocks. (rElec)
You can survive without breathing.
You are immune to petrification.
You are immune to rotting.


Message History

You completely miss the ogre.
The ogre is heavily wounded.
The ogre closely misses you.
Your leather armour prevents you from hitting the ogre.
The ogre is heavily wounded.
The ogre closely misses you.
You closely miss the ogre.
The ogre is heavily wounded.
You hit the ogre.
The ogre is severely wounded.
The ogre closely misses you.
You barely miss the ogre.
The ogre is severely wounded.
The ogre hits you with a +0 giant club!!
Ouch! That really hurt!
* * * LOW HITPOINT WARNING * * *
You barely miss the ogre.
The ogre is severely wounded.
The ogre hits you with a +0 giant club!
You die...

##+## ##...##
##.....##
##.......##
#.........#
+.........+
#....O...)#
#...@...# ##.....##
##...## ##'## #.#
#.# ######.####
...........#
###........######.#


You could see an ogre.

Vanquished Creatures
  A scorpion (D:4)
  A howler monkey (D:4)
  Jessica (D:2)
  A worker ant (D:4)
  A hound skeleton (D:3)
  Robin (D:2)
  A gnoll (D:1)
  5 adders
  2 worms
  A dart slug (D:1)
  2 leopard geckos (D:2)
  An orc (D:3)
  A ball python (D:3)
  5 giant cockroaches
  14 goblins
  11 hobgoblins
  5 jackals
  A quokka (D:2)
  6 bats
  5 frilled lizards
  9 kobolds
  8 rats
83 creatures vanquished.

Notes
Turn   | Place    | Note
-------+----------+-------------------------------------------
     0 | D:1      | Borgoz the Gargoyle Gladiator began the quest for the Orb.
     0 | D:1      | Reached XP level 1. HP: 12/12 MP: 1/1
   215 | D:1      | Reached XP level 2. HP: 17/18 MP: 2/2
   445 | D:1      | Reached skill level 1 in Armour
   446 | D:1      | Reached XP level 3. HP: 21/22 MP: 3/3
  1295 | D:2      | Reached XP level 4. HP: 22/27 MP: 4/4
  1337 | D:2      | Noticed Jessica
  1346 | D:2      | Killed Jessica
  1346 | D:2      | Reached skill level 4 in Staves
  1722 | D:2      | Found a faded altar of an unknown god.
  1801 | D:2      | Noticed Robin
  1812 | D:2      | Killed Robin
  1812 | D:2      | Reached XP level 5. HP: 23/32 MP: 5/5
  2576 | D:4      | Reached XP level 6. HP: 18/37 MP: 6/6
  2822 | D:4      | Slain by an ogre

Skill      XL: |  1  2  3  4 |
---------------+-------------+-----
Armour         | 1 2 |  2.8
Fighting       | 3 |  3.6
Staves         | 4 |  4.9
Dodging        | 3 |  3.3
Throwing       | |  1.7

Action                   |  1- 3 |  4- 6 || total
-------------------------+-------+-------++-------
Melee: Quarterstaff      |   124 |   178 ||   302
  Use: Scroll            |     1 |     4 ||     5
  Eat: Chunk             |     1 |     6 ||     7
Armor: Leather armour    |    76 |    77 ||   153
Dodge: Dodged            |   116 |   112 ||   228
